 Dungeon Crawl Stone Soup version 0.22-a0-412-g2b68d14 (webtiles) character file.

111 emperorscorpion the Skirmisher (level 4, -4/29 HPs)
             Began as a Gargoyle Berserker on May 12, 2018.
             Was a Believer of Trog.
             Killed from afar by an orc wizard (9 damage)
             ... with a magic dart
             ... on level 4 of the Dungeon.
             The game lasted 00:02:36 (1860 turns).

emperorscorpion the Skirmisher (Gargoyle Berserker) Turns: 1860, Time: 00:02:36

Health: -4/29      AC:  5    Str: 22    XL:     4   Next: 92%
Magic:  4/4        EV: 13    Int:  7    God:    Trog [**....]
Gold:   124        SH: 12    Dex: 14    Spells: 3/3 levels left

rFire    . . .     SeeInvis .   a - +0 hand axe
rCold    . . .     Gourm    .   m - +0 large shield
rNeg     + . .     Faith    .   b - +0 animal skin
rPois    ∞         Spirit   .   (no helmet)
rElec    +         Reflect  .   (no cloak)
rCorr    .         Harm     .   (no gloves)
MR       .....                  (no boots)
Stlth    ++........             (no amulet)
HPRegen  0.09/turn              (no ring)
MPRegen  0.09/turn              (no ring)

@: agile, berserk cooldown, hasted and slowed
A: negative energy resistance 1, electricity resistance, unbreathing,
petrification resistance, rot immunity, AC +3
a: Berserk, Trog's Hand, Renounce Religion


You were on level 4 of the Dungeon.
You worshipped Trog.
Trog was pleased with you.
You were near starving.

You visited 1 branch of the dungeon, and saw 4 of its levels.

You collected 124 gold pieces.

Inventory:

Hand Weapons
 a - a +0 hand axe (weapon)
Armour
 b - a +0 animal skin (worn)
 m - a +0 large shield (worn)
Scrolls
 d - 3 scrolls of teleportation {unknown}
 e - 3 scrolls of enchant weapon {unknown}
 g - 2 scrolls of identify {unknown}
 h - a scroll of fog {unknown}
 i - a scroll of immolation {unknown}
 j - 2 scrolls of remove curse {unknown}
Comestibles
 c - 3 rations


   Skills:
 + Level 3.8 Fighting
 + Level 3.7 Axes
 + Level 3.0 Armour
 + Level 2.2 Dodging
 + Level 0.4 Stealth
 + Level 0.7 Shields


You had 3 spell levels left.
You didn't know any spells.
Your spell library was empty.

Dungeon Overview and Level Annotations

Branches:
Dungeon (4/15)
 Temple: D:4-7

Altars:
Qazlal
The Shining One


Innate Abilities, Weirdness & Mutations

You are resistant to torment.
Your stone body is resilient. (AC +3)
You are immune to poison.
You resist negative energy. (rN+)
You are resistant to electric shocks. (rElec)
You can survive without breathing.
You are immune to petrification.
You are immune to rotting.


Message History

The orc wizard blinks!
You hit the orc.
The orc is severely wounded.
The orc barely misses you.
You slash the orc!
You kill the orc!
Trog accepts your kill.
The orc wizard gestures at you while chanting.
The magic dart hits you!
* * * LOW HITPOINT WARNING * * *
The orc wizard closely misses you.
The orc wizard gestures wildly while chanting.
The orc wizard seems to speed up.
Items here: )) [[ a short sword; a leather armour; a short sword; a leather armour The orc wizard casts a spell.
The orc wizard blinks!
The orc wizard points at you and mumbles some strange words.
The magic dart hits you!
You die...

#.#####<# ### #.# #.#
#.. #### #.# #.# ##..##
#.# #.##### #....# #.#
#.##.. #_.⌠.###.# #.##.#
#
#.....##.####.##.##.###.
##....#...o...§).).o....
#8...'.########@######.
##....### #.# #.....#
#.# #_.⌠.## #.# #....#
#.# ##..## #.# #### #..
#..


You could see 2 orc wizards.

Vanquished Creatures
  An orc wizard (D:4)
  3 gnolls
  An adder (D:3)
  2 orcs (D:4)
  A ball python (D:1)
  7 bats
  2 giant cockroaches
  9 goblins
  4 hobgoblins
  3 jackals (D:1)
  4 frilled lizards
  4 kobolds
  4 rats
45 creatures vanquished.

Notes
Turn   | Place    | Note
-------+----------+-------------------------------------------
     0 | D:1      | emperorscorpion the Gargoyle Berserker began the quest for the Orb.
     0 | D:1      | Reached XP level 1. HP: 14/14 MP: 1/1
   476 | D:1      | Reached XP level 2. HP: 19/19 MP: 2/2
   820 | D:1      | Reached XP level 3. HP: 23/23 MP: 3/3
  1276 | D:3      | Reached XP level 4. HP: 20/29 MP: 4/4
  1388 | D:2      | Reached ** piety under Trog
  1798 | D:4      | Found a glowing golden altar of the Shining One.
  1798 | D:4      | Found a stormy altar of Qazlal.
  1860 | D:4      | Killed from afar by an orc wizard

Vault maps used:
D:1:      onia_arrival_mini_spirals
D:2:      kennysheep_the_goblin_king, overflow_temple_1_default,
          gammafunk_temple_overflow_elements
D:3:      grunt_temple_overflow_champion_of_chaos
D:4:      old_standard_altar, gammafunk_temple_overflow_pools,
          minmay_temple_entry_purple_smoke, uniq_grinder

Skill      XL: |  1  2  3 |
---------------+----------+-----
Axes           | 3 |  3.7
Armour         | 3 |  3.0
Dodging        | 2 |  2.2
Fighting       | |  3.8
Stealth        | |  0.4
Shields        | |  0.7

Action                   |  1- 3 |  4- 6 || total
-------------------------+-------+-------++-------
Melee: Hand axe          |    68 |    74 ||   142
Invok: Berserk           |     3 |     1 ||     4
  Use: Potion            |       |     3 ||     3
  Eat: Chunk             |     3 |     2 ||     5
Armor: Animal skin       |    28 |    24 ||    52
Dodge: Dodged            |    50 |    28 ||    78
Block: Large shield      |     8 |    68 ||    76

Table legend:
 A = Spawn XP
 B = Non-spawn XP
 C = Spawn XP percentage of total XP
 D = Spawn monster count
 E = Non-spawn monster count
 F = Spawn count percentage of total count
 G = Total turns spent on level
                    A         B        C        D         E        F      G
               +---------+---------+-------+---------+---------+-------+---------
         Total |       0 |     159 |   0.0 |       0 |      45 |   0.0 |  1860
               +---------+---------+-------+---------+---------+-------+---------
           D:1 |       0 |      45 |   0.0 |       0 |      19 |   0.0 |  1125
           D:2 |       0 |      55 |   0.0 |       0 |      19 |   0.0 |   448
           D:3 |       0 |      18 |   0.0 |       0 |       4 |   0.0 |   204
           D:4 |       0 |      41 |   0.0 |       0 |       3 |   0.0 |    83
               +---------+---------+-------+---------+---------+-------+---------
